 Dungeon Crawl Stone Soup version 0.31-a0-188-g5e087ee2ca (webtiles) character file.

Game seed: 3503104129074081946

311 qw the Skirmisher (level 6, -2/36 HPs)
             Began as a Deep Elf Hunter on June 23, 2023.
             Slain by a gnoll
             ... wielding a +0 spear
              (4 damage)
             ... on level 3 of the Dungeon.
             The game lasted 00:01:30 (2313 turns).

qw the Skirmisher (Deep Elf Hunter)                 Turns: 2313, Time: 00:01:30

Health: -2/36      AC:  6    Str: 10    XL:     6   Next: 18%
Magic:  8/8        EV: 11    Int: 14    God:
Gold:   142        SH:  0    Dex: 18    Spells: 5/5 levels left

rFire   . . .        Y - +0 shortbow (freeze)
rCold   . . .        (shield currently unavailable)
rNeg    . . .        b - +0 ring mail
rPois   .            d - +0 helmet
rElec   .            (no cloak)
rCorr   .            (no gloves)
SInv    .            (no boots)
Will    .....        (no amulet)
Stlth   +            (no ring)
HPRegen 0.26/turn    (no ring)
MPRegen 0.11/turn

%: no passive effects
@: no status effects
A: no striking features
a: no special abilities


You were on level 3 of the Dungeon.
You visited 1 branch of the dungeon, and saw 3 of its levels.

You collected 142 gold pieces.


   Skills:
 - Level 2.6 Fighting
 + Level 9.2 Ranged Weapons
 - Level 2.4 Dodging
 - Level 1.2 Stealth


You had 5 spell levels left.
You didn't know any spells.
Your spell library was empty.

Inventory:

Hand Weapons
 Y - a +0 shortbow of freezing (weapon)
Armour
 b - a +0 ring mail (worn)
 d - a +0 helmet (worn)
Potions
 a - a potion of mutation {unknown}
 c - a potion of haste {unknown}
 f - a potion of invisibility {unknown}
 h - 2 potions of lignification {unknown}

Dungeon Overview and Level Annotations

Branches:
Dungeon (3/15)

Altars:
Wu Jian


Message History

The gnoll is moderately wounded.
The gnoll hits you from afar with a +0 spear!
The gnoll hits you but does no damage.
You shoot an arrow. The arrow hits the gnoll.
The arrow freezes the gnoll.
The gnoll is heavily wounded.
The gnoll misses you. The gnoll closely misses you.
You shoot an arrow.
The arrow hits the gnoll but does no damage.
The gnoll is heavily wounded.
The gnoll hits you but does no damage. The gnoll barely misses you.
You shoot an arrow. The arrow hits the gnoll.
The arrow freezes the gnoll.
You kill the gnoll!
The gnoll closely misses you.
You shoot an arrow.
The arrow hits the kobold but does no damage.
The gnoll hits you but does no damage. The kobold closely misses you.
You shoot an arrow. The arrow barely misses the kobold.
The gnoll hits you from afar with a +0 spear.
You shoot an arrow. The arrow barely misses the kobold.
The gnoll hits you but does no damage. The kobold hits you with a +0 club.
You shoot an arrow. The arrow barely misses the kobold.
The gnoll completely misses you. The kobold hits you but does no damage.
The kobold hits you with a +0 club.
You shoot an arrow. The arrow barely misses the kobold.
The gnoll hits you but does no damage. The kobold hits you with a +0 club.
The kobold barely misses you. x2; The gnoll closely misses you.
The kobold barely misses you.
You shoot an arrow. The arrow barely misses the kobold.
The gnoll hits you but does no damage. The kobold hits you but does no damage.
The kobold closely misses you.
You shoot an arrow. The arrow closely misses the kobold.
The gnoll hits you from afar with a +0 spear.
The kobold barely misses you. The kobold hits you but does no damage.
You shoot an arrow. The arrow closely misses the kobold.
The gnoll hits you from afar with a +0 spear!
The kobold hits you with a +0 club. x2
You shoot an arrow. The arrow hits the kobold.
The arrow freezes the kobold.
The kobold is severely wounded.
The gnoll hits you from afar with a +0 spear.
You die...

~~~~~~~~~~~
~~~~~~~~~~~
################
#......## ##....
#.......###.....
#+##........#...(..
#...........#......
#.......(...)......
#K@....(....#......
#K##........#......
#.g
#.......###.....
#.? #......##
##.... #.. ########
##### ###


You could see a gnoll and 2 kobolds.

Vanquished Creatures
  A kobold brigand (D:3)
  2 orc priests (D:3)
  An orc wizard (D:3)
  6 gnolls (D:3)
  A worm (D:3)
  3 dart slugs
  8 orcs (D:3)
  3 bats (D:1)
  6 endoplasms
  3 giant cockroaches
  15 goblins
  5 hobgoblins
  2 jackals (D:2)
  2 quokkas
  5 ball pythons
  19 kobolds
  4 rats
86 creatures vanquished.

Notes
Turn   | Place    | Note
-------+----------+-------------------------------------------
     0 | D:1      | qw the Deep Elf Hunter began the quest for the Orb.
     0 | D:1      | Reached XP level 1. HP: 12/12 MP: 3/3
     0 | D:1      | 0 ||| qw: Version: 0.3-a-9-g12657ce
     0 | D:1      | 0 ||| qw: Game counter: 3351
     0 | D:1      | 0 ||| qw: Always use a shield: true
     0 | D:1      | 0 ||| qw: God list: Okawaru
     0 | D:1      | 0 ||| qw: Allow faded altars: false
     0 | D:1      | 0 ||| qw: Do Orc after D:15 true
     0 | D:1      | 0 ||| qw: Do second Lair branch before Depths: true
     0 | D:1      | 0 ||| qw: Lair rune preference: random
     0 | D:1      | 0 ||| qw: Plans: Normal
     0 | D:1      | 0 ||| PLANNING D:1-11
   103 | D:1      | Reached XP level 2. HP: 16/16 MP: 4/4
   105 | D:1      | Reached skill level 6 in Ranged Weapons
   159 | D:1      | Found a faded altar of an unknown god.
   224 | D:1      | 224 ||| Stepping ~*~*~tactically~*~*~ (outnumbered).
   347 | D:1      | Reached XP level 3. HP: 20/20 MP: 5/5
   630 | D:1      | 630 ||| READING scroll labelled ANI YM JAASAYKK.
   631 | D:1      | 631 ||| READING scroll labelled RINLIS LUULYO.
   632 | D:1      | 632 ||| READING scroll labelled GOTEHOTIFF.
   670 | D:1      | 670 ||| READING scroll labelled OMEDIVVIERI.
   671 | D:1      | 671 ||| READING scroll labelled DOKA ROCEURIE.
   674 | D:1      | 674 ||| DROPPING scroll of butterflies.
   983 | D:2      | Reached skill level 7 in Ranged Weapons
  1018 | D:2      | You fall into a shaft and drop 1 floor!
  1043 | D:3      | 1043 ||| UPGRADING to +0 ring mail.
  1053 | D:3      | 1053 ||| DROPPING +0 leather armour.
  1054 | D:3      | 1054 ||| UPGRADING to +0 helmet.
  1059 | D:3      | 1059 ||| READING scroll labelled USHRAI YSTRO.
  1060 | D:3      | 1060 ||| READING scroll labelled FITYOTOT MOEV TUT.
  1061 | D:3      | 1061 ||| DRINKING 2 red potions.
  1165 | D:3      | 1165 ||| DROPPING potion of berserk rage.
  1593 | D:2      | 1593 ||| Stepping randomly (stuck).
  1678 | D:3      | Found an ornate altar of the Wu Jian Council.
  1727 | D:3      | Reached XP level 4. HP: 25/25 MP: 6/6
  1734 | D:3      | Reached skill level 8 in Ranged Weapons
  1740 | D:3      | Reached XP level 5. HP: 29/29 MP: 7/7
  1748 | D:3      | 1748 ||| FLEEEEING.
  1749 | D:3      | 1749 ||| FLEEEEING.
  1750 | D:3      | 1750 ||| FLEEEEING.
  1751 | D:3      | 1751 ||| FLEEEEING.
  1752 | D:3      | 1752 ||| FLEEEEING.
  1753 | D:3      | 1753 ||| FLEEEEING.
  1939 | D:3      | Reached skill level 9 in Ranged Weapons
  2071 | D:3      | Reached XP level 6. HP: 16/36 MP: 8/8
  2184 | D:3      | 2184 ||| Stepping ~*~*~tactically~*~*~ (outnumbered).
  2312 | D:3      | HP: 5/36 [gnoll/+0 spear (8)]
  2312 | D:3      | HP: 1/36 [kobold/+0 club (2)]
  2313 | D:3      | Slain by a gnoll

Levels and vault maps discovered:
D:1:      dpeg_arrival_oval, layout_basic,
          hellmonk_ecumenical_altar_arch_garden, minmay_misc_feat_ornament
D:2:      kennysheep_the_goblin_king, layout_basic
D:3:      minmay_goblin_kobold_castle, layout_loops_ring,
          mainiacjoe_overflow_boulevard, minmay_misc_feat_rugged,
          minmay_misc_feat_iff

Skill      XL: |  1  2  3  4  5 |
---------------+----------------+-----
Ranged Weapons | 6 7 8 9 |  9.2
Fighting       | 2 |  2.6
Dodging        | |  2.4
Stealth        | |  1.2

Action                     |  1- 3 |  4- 6 || total
---------------------------+-------+-------++-------
   Fire: Shortbow          |   135 |   118 ||   253
    Use: Scroll            |     7 |       ||     7
         Potion            |     1 |       ||     1
 Armour: Leather armour    |    13 |       ||    13
         Ring mail         |     8 |    20 ||    28
  Dodge: Dodged            |    33 |    36 ||    69

Table legend:
 A = Non-vault XP
 B = Vault XP
 C = Vault XP percentage of total XP
 D = Non-vault monster count
 E = Vault monster count
 F = Vault count percentage of total count
                 A         B        C        D         E       F
            +---------+---------+-------+---------+---------+-------
      Total |     274 |     171 |  38.4 |      62 |      24 |  27.9
            +---------+---------+-------+---------+---------+-------
        D:1 |      44 |       0 |   0.0 |      25 |       0 |   0.0
        D:2 |      28 |      13 |  31.7 |      14 |       7 |  33.3
        D:3 |     202 |     158 |  43.9 |      23 |      17 |  42.5
            +---------+---------+-------+---------+---------+-------
